PUBA
BROOKLYN SUPERBAS @ SUSQUEHANNA TRAILS SCARLETS
04/21/1972
 
TOP OF THE 1ST
Brooklyn Superbas batting - Pitching for Susquehanna Trails Scarlets : RHP Paul Wilson
Pitching: RHP Paul Wilson
Batting: RHB Andrew Pearson 0-0: Called Strike
0-1: Foul Ball, location: 9LSF
0-2: Ball
1-2: Ground out 4-3 (Groundball, 4, EV 85.6 MPH)
Batting: LHB Ken Boswell 0-0: Called Strike
0-1: Ball
1-1: Ball
2-1: Ball
3-1: SINGLE (Line Drive, 5D, EV 108.1 MPH)
Batting: RHB Ken Cross 0-0: Foul Ball, location: 5FF
0-1: Foul Ball, location: 7LDF
0-2: Ball
1-2: Ball
2-2: Ball
3-2: SINGLE (Groundball, 6MD, EV 106.3 MPH)
Ken Boswell to second
Ken Boswell to third
Batting: LHB Billy L Williams 0-0: Foul Ball, location: 23F
0-1: Called Strike
0-2: Ball
1-2: Foul Ball, location: 2F
1-2: Foul Ball, location: 25FF
1-2: Fielders Choice at 2nd, 1-6 (Groundball, 13, EV 68.1 MPH)
Batting: RHB Norm Park 0-0: Ball
1-0: Foul Ball, location: 3SF
1-1: Ball
2-1: Ball
3-1: Foul Ball, location: 2LF
3-2: Fly out, F7 (Flyball, 78D, EV 93.1 MPH)
Top of the 1st over - 0 runs, 2 hits, 0 errors, 2 left on base; Brooklyn 0 - Susquehanna Trails 0
BOTTOM OF THE 1ST
Susquehanna Trails Scarlets batting - Pitching for Brooklyn Superbas : LHP Esteban Herrera
Pitching: LHP Esteban Herrera
Batting: LHB Jim Lund 0-0: Called Strike
0-1: Called Strike
0-2: Ground out U3 (Groundball, 34S, EV 88.8 MPH)
Batting: LHB Ron Blomberg 0-0: Called Strike
0-1: Called Strike
0-2: Strikes out looking
Batting: RHB Roger Martin 0-0: Fly out, F9 (Flyball, 9LS, EV 87.5 MPH)
Bottom of the 1st over - 0 runs, 0 hits, 0 errors, 0 left on base; Brooklyn 0 - Susquehanna Trails 0
TOP OF THE 2ND
Brooklyn Superbas batting - Pitching for Susquehanna Trails Scarlets : RHP Paul Wilson
Batting: RHB Cito Gaston 0-0: Ball
1-0: Ball
2-0: Ball
3-0: Called Strike
3-1: Base on Balls
Batting: RHB Mark Frazier 0-0: Sac Bunt to 3S - play at first, batter OUT! 3-4
Cito Gaston to second
Batting: RHB Alejandro Luna 0-0: Ball
1-0: Swinging Strike
1-1: Ball
2-1: Ball
3-1: Foul Ball, location: 3F
3-2: Foul Ball, location: 3SF
3-2: Base on Balls
Batting: SHB Zachary Austin 0-0: Ball
1-0: Grounds into double play, 4-6-3 (Groundball, 4, EV 95.0 MPH)
Top of the 2nd over - 0 runs, 0 hits, 0 errors, 1 left on base; Brooklyn 0 - Susquehanna Trails 0
BOTTOM OF THE 2ND
Susquehanna Trails Scarlets batting - Pitching for Brooklyn Superbas : LHP Esteban Herrera
Batting: LHB Carlos Batista 0-0: Ball
1-0: Called Strike
1-1: Foul Ball, location: 3F
1-2: Ball
2-2: Ball
3-2: SINGLE (Line Drive, 7S, EV 89.4 MPH)
Batting: RHB Dan Parker 0-0: Foul Ball, location: 3FF
0-1: Foul Ball, location: 9LMF
0-2: Foul Ball, location: 2F
0-2: Foul Ball, location: 2F
0-2: Ball
1-2: Strikes out swinging
Batting: LHB Nick Hamlin 0-0: Swinging Strike
0-1: Foul Ball, location: 2F
0-2: Ball
1-2: Ball
2-2: SINGLE (Groundball, 4D, EV 103.1 MPH)
Carlos Batista to second
Runner from 2nd tries for 3rd, SAFE, no throw by CF
Batting: RHB Vance White 0-0: Called Strike
0-1: Ball
1-1: Ball
2-1: Foul Ball, location: 9LDF
2-2: Ground out 6-3 (Groundball, 56D, EV 103.8 MPH)
Nick Hamlin to second
Batting: LHB Darrell Porter 0-0: Called Strike
0-1: Swinging Strike
0-2: Ball
1-2: Ground out 1-3 (Groundball, 13S, EV 71.3 MPH)
Bottom of the 2nd over - 0 runs, 2 hits, 0 errors, 2 left on base; Brooklyn 0 - Susquehanna Trails 0
TOP OF THE 3RD
Brooklyn Superbas batting - Pitching for Susquehanna Trails Scarlets : RHP Paul Wilson
Batting: RHB Andrew Pearson 0-0: Ball
1-0: Ball
2-0: Ball
3-0: Base on Balls
Batting: LHB Ken Boswell 0-0: Ball
1-0: Sac Bunt to 13S - play at first, batter OUT! 1-3
Andrew Pearson to second
Batting: RHB Ken Cross 0-0: Called Strike
0-1: Foul Ball, location: 2F
0-2: Ball
1-2: 2-RUN HOME RUN (Flyball, 89XD, EV 108.1 MPH), Distance : 405 ft
Batting: LHB Billy L Williams 0-0: Foul Ball, location: 9LSF
0-1: Swinging Strike
0-2: Ball
1-2: Ball
2-2: SOLO HOME RUN (Flyball, 7D, EV 92.5 MPH), Distance : 352 ft
Batting: RHB Norm Park 0-0: Called Strike
0-1: Foul Ball, location: 2F
0-2: Ball
1-2: Ball
2-2: Foul Ball, location: 2LF
2-2: Fly out, F9 (Flyball, 9, EV 92.5 MPH)
Batting: RHB Cito Gaston 0-0: Called Strike
0-1: Ground out 4-3 (Groundball, 4M, EV 80.0 MPH)
Top of the 3rd over - 3 runs, 2 hits, 0 errors, 0 left on base; Brooklyn 3 - Susquehanna Trails 0
BOTTOM OF THE 3RD
Susquehanna Trails Scarlets batting - Pitching for Brooklyn Superbas : LHP Esteban Herrera
Batting: RHB Gavin Peters 0-0: Ball
1-0: Ball
2-0: Called Strike
2-1: Foul Ball, location: 2F
2-2: Strikes out looking
Batting: LHB Jim Lund 0-0: SINGLE (Line Drive, 9LS, EV 91.9 MPH)
Batting: LHB Ron Blomberg 0-0: Called Strike
Jim Lund is caught stealing 2nd base 2-6
0-1: Foul Ball, location: 25F
0-2: Ball
1-2: Strikes out swinging
Bottom of the 3rd over - 0 runs, 1 hit, 0 errors, 0 left on base; Brooklyn 3 - Susquehanna Trails 0
TOP OF THE 4TH
Brooklyn Superbas batting - Pitching for Susquehanna Trails Scarlets : RHP Paul Wilson
Batting: RHB Mark Frazier 0-0: Ball
1-0: SINGLE (Line Drive, 8RS, EV 91.3 MPH)
Batting: RHB Alejandro Luna 0-0: Ball
1-0: Ball
2-0: Bunted foul
2-1: Bunted foul
2-2: Foul Ball, location: 23F
2-2: Fly out, F3 (Popup, 34S, EV 37.5 MPH)
Batting: SHB Zachary Austin 0-0: Ball
1-0: Foul Ball, location: 2F
1-1: Ball
2-1: Swinging Strike
2-2: Foul Ball, location: 2F
2-2: Fly out, F8 (Flyball, 8RS, EV 83.1 MPH)
Batting: RHB Andrew Pearson 0-0: Foul Ball, location: 2F
0-1: Foul Ball, location: 9LMF
0-2: Ball
1-2: Ball
2-2: Fly out, F9 (Flyball, 89S, EV 93.1 MPH)
Top of the 4th over - 0 runs, 1 hit, 0 errors, 1 left on base; Brooklyn 3 - Susquehanna Trails 0
BOTTOM OF THE 4TH
Susquehanna Trails Scarlets batting - Pitching for Brooklyn Superbas : LHP Esteban Herrera
Batting: RHB Roger Martin 0-0: Fly out, F8 (Flyball, 78XD, EV 94.4 MPH)
Batting: LHB Carlos Batista 0-0: Called Strike
0-1: Ground out 1-3 (Groundball, 13S, EV 67.5 MPH)
Batting: RHB Dan Parker 0-0: Ball
1-0: Swinging Strike
1-1: Swinging Strike
1-2: Fly out, F5 (Popup, 25F, EV 83.8 MPH)
Bottom of the 4th over - 0 runs, 0 hits, 0 errors, 0 left on base; Brooklyn 3 - Susquehanna Trails 0
TOP OF THE 5TH
Brooklyn Superbas batting - Pitching for Susquehanna Trails Scarlets : RHP Paul Wilson
Batting: LHB Ken Boswell 0-0: Called Strike
0-1: SINGLE (Line Drive, 6M, EV 95.0 MPH)
Batting: RHB Ken Cross 0-0: Called Strike
0-1: Fly out, F9 (Flyball, 9S, EV 75.6 MPH)
Batting: LHB Billy L Williams 0-0: Ball
1-0: Ball
2-0: Called Strike
2-1: Ball
3-1: Foul Ball, location: 5F
3-2: Base on Balls
Ken Boswell to second
Batting: RHB Norm Park 0-0: 3-RUN HOME RUN (Flyball, 78XD, EV 112.5 MPH), Distance : 458 ft
Pitching: LHP José Ramírez
Batting: RHB Cito Gaston 0-0: Ball
1-0: Called Strike
1-1: Ball
2-1: Swinging Strike
2-2: Strikes out swinging
Batting: RHB Mark Frazier 0-0: Ball
1-0: Ground out 5-3 (Groundball, 5S, EV 80.6 MPH)
Top of the 5th over - 3 runs, 2 hits, 0 errors, 0 left on base; Brooklyn 6 - Susquehanna Trails 0
BOTTOM OF THE 5TH
Susquehanna Trails Scarlets batting - Pitching for Brooklyn Superbas : LHP Esteban Herrera
Batting: LHB Nick Hamlin 0-0: Ball
1-0: Ball
2-0: Ground out 1-3 (Groundball, 15S, EV 63.1 MPH)
Batting: RHB Vance White 0-0: Called Strike
0-1: Ball
1-1: Swinging Strike
1-2: Ball
2-2: Ball
3-2: Foul Ball, location: 2F
3-2: Base on Balls
Batting: LHB Darrell Porter 0-0: Called Strike
0-1: Swinging Strike
0-2: Ball
1-2: Ball
2-2: Foul Ball, location: 2F
2-2: Ball
3-2: Base on Balls
Vance White to second
Batting: RHB Gavin Peters 0-0: Swinging Strike
0-1: Ball
1-1: Ball
2-1: Foul Ball, location: 3F
2-2: Foul Ball, location: 25F
2-2: Foul Ball, location: 9LDF
2-2: Ball
3-2: Foul Ball, location: 2F
3-2: Fly out, F8 (Flyball, 78M, EV 83.8 MPH)
Batting: LHB Jim Lund 0-0: Called Strike
0-1: Foul Ball, location: 2LF
0-2: Foul Ball, location: 9LSF
0-2: Ball
1-2: Fly out, F7 (Flyball, 7, EV 86.9 MPH)
Bottom of the 5th over - 0 runs, 0 hits, 0 errors, 2 left on base; Brooklyn 6 - Susquehanna Trails 0
TOP OF THE 6TH
Brooklyn Superbas batting - Pitching for Susquehanna Trails Scarlets : LHP José Ramírez
Batting: RHB Alejandro Luna 0-0: Ground out 6-3 (Groundball, 6, EV 106.3 MPH)
Batting: SHB Zachary Austin 0-0: Ground out U3 (Groundball, 34S, EV 86.3 MPH)
Batting: RHB Andrew Pearson 0-0: Ball
1-0: Fly out, F2 (Popup, 2LF, EV 95.6 MPH)
Top of the 6th over - 0 runs, 0 hits, 0 errors, 0 left on base; Brooklyn 6 - Susquehanna Trails 0
BOTTOM OF THE 6TH
Susquehanna Trails Scarlets batting - Pitching for Brooklyn Superbas : LHP Esteban Herrera
Batting: LHB Ron Blomberg 0-0: Ball
1-0: Ball
2-0: Called Strike
2-1: Foul Ball, location: 3DF
2-2: Strikes out swinging
Batting: RHB Roger Martin 0-0: Called Strike
0-1: Foul Ball, location: 9LSF
0-2: Ball
1-2: Fly out, F2 (Popup, 25F, EV 88.8 MPH)
Batting: LHB Carlos Batista 0-0: Ball
1-0: Called Strike
1-1: SOLO HOME RUN (Flyball, 9D, EV 95.6 MPH), Distance : 379 ft
Batting: RHB Dan Parker 0-0: Ball
1-0: Ball
2-0: Ball
3-0: Called Strike
3-1: SINGLE (Groundball, 4MD, EV 101.9 MPH)
Batting: LHB Nick Hamlin 0-0: Ball
1-0: DOUBLE (Line Drive, 78XD, EV 110.6 MPH)
Dan Parker to third
Runner from 3rd tries for Home, SAFE, no throw by CF
Batting: RHB Vance White 0-0: Foul Ball, location: 2F
0-1: Called Strike
0-2: Fly out, F9 (Flyball, 89S, EV 86.3 MPH)
Bottom of the 6th over - 2 runs, 3 hits, 0 errors, 1 left on base; Brooklyn 6 - Susquehanna Trails 2
TOP OF THE 7TH
Brooklyn Superbas batting - Pitching for Susquehanna Trails Scarlets : LHP José Ramírez
Batting: LHB Ken Boswell 0-0: Ball
1-0: Ball
2-0: SOLO HOME RUN (Flyball, 9D, EV 93.1 MPH), Distance : 364 ft
Batting: RHB Ken Cross 0-0: Ball
1-0: Foul Ball, location: 7LMF
1-1: Called Strike
1-2: Strikes out swinging
Batting: LHB Billy L Williams 0-0: Ball
1-0: Foul Ball, location: 5F
1-1: Ball
2-1: Swinging Strike
2-2: Ball
3-2: Base on Balls
Batting: RHB Norm Park 0-0: Ball
1-0: Grounds into double play, 4-6-3 (Groundball, 34D, EV 93.8 MPH)
Top of the 7th over - 1 run, 1 hit, 0 errors, 0 left on base; Brooklyn 7 - Susquehanna Trails 2
BOTTOM OF THE 7TH
Susquehanna Trails Scarlets batting - Pitching for Brooklyn Superbas : LHP Esteban Herrera
Batting: LHB Darrell Porter 0-0: Ball
1-0: Ball
2-0: Reached on error, E3 (Groundball, 34, EV 83.8 MPH)
Batting: RHB Gavin Peters 0-0: Ball
1-0: Ball
2-0: Swinging Strike
2-1: Ball
3-1: Fly out, F9 (Flyball, 89M, EV 88.1 MPH)
Batting: LHB Jim Lund 0-0: Called Strike
0-1: Called Strike
0-2: Strikes out looking
Batting: LHB Ron Blomberg 0-0: Ball
1-0: Ball
2-0: Foul Ball, location: 7LMF
2-1: Swinging Strike
2-2: SINGLE (Groundball, 4MD, EV 95.6 MPH)
Darrell Porter to second
Runner from 2nd tries for 3rd, SAFE, no throw by CF
Pitching: RHP Kelly Cooper
Batting: RHB Roger Martin 0-0: Foul Ball, location: 2F
0-1: Ball
1-1: Called Strike
1-2: Ball
2-2: Strikes out swinging
Bottom of the 7th over - 0 runs, 1 hit, 1 error, 2 left on base; Brooklyn 7 - Susquehanna Trails 2
TOP OF THE 8TH
Brooklyn Superbas batting - Pitching for Susquehanna Trails Scarlets : LHP José Ramírez
Batting: RHB Cito Gaston 0-0: Ball
1-0: Swinging Strike
1-1: Called Strike
1-2: Ball
2-2: Foul Ball, location: 9LSF
2-2: Ground out 5-3 (Groundball, 56S, EV 93.1 MPH)
Batting: RHB Mark Frazier 0-0: Swinging Strike
0-1: Ball
1-1: Ball
2-1: Ball
3-1: Base on Balls
Pitching: RHP Ken Henderson
Batting: RHB Alejandro Luna 0-0: Swinging Strike
0-1: Ball
1-1: Ball
2-1: Ball
3-1: Called Strike
3-2: Foul Ball, location: 9LSF
3-2: Base on Balls
Mark Frazier to second
Batting: SHB Zachary Austin 0-0: Called Strike
0-1: Ball
1-1: Ground out U3 (Groundball, 34S, EV 61.3 MPH)
Mark Frazier to third
Alejandro Luna to second
Batting: RHB Andrew Pearson 0-0: Foul Ball, location: 2F
0-1: Ball
1-1: DOUBLE (Flyball, 8LXD, EV 92.5 MPH)
Mark Frazier scores
Alejandro Luna scores
Pinch Hitting: RHB Kade Meeks 0-0: Foul Ball, location: 3DF
0-1: Ball
1-1: Called Strike
1-2: Strikes out swinging
Top of the 8th over - 2 runs, 1 hit, 0 errors, 1 left on base; Brooklyn 9 - Susquehanna Trails 2
BOTTOM OF THE 8TH
Susquehanna Trails Scarlets batting - Pitching for Brooklyn Superbas : RHP Kelly Cooper
Now at 1B: Kade Meeks
Batting: LHB Carlos Batista 0-0: Ball
1-0: Ball
2-0: Ball
3-0: Called Strike
3-1: Called Strike
3-2: Strikes out looking
Batting: RHB Dan Parker 0-0: Called Strike
0-1: Foul Ball, location: 2F
0-2: Ball
1-2: Strikes out swinging
Batting: LHB Nick Hamlin 0-0: Ball
1-0: Ball
2-0: Fly out, F7 (Flyball, 7S, EV 92.5 MPH)
Bottom of the 8th over - 0 runs, 0 hits, 0 errors, 0 left on base; Brooklyn 9 - Susquehanna Trails 2
TOP OF THE 9TH
Brooklyn Superbas batting - Pitching for Susquehanna Trails Scarlets : RHP Ken Henderson
Pinch Hitting: RHB Félix Chávez 0-0: Called Strike
0-1: Foul Ball, location: 2F
0-2: Ball
1-2: Ball
2-2: Foul Ball, location: 9LDF
2-2: Fly out, F8 (Flyball, 8RD, EV 94.4 MPH)
Batting: LHB Billy L Williams 0-0: Called Strike
0-1: Foul Ball, location: 2F
0-2: Fly out, F9 (Flyball, 9D, EV 107.5 MPH)
Pinch Hitting: SHB Artie Gordon 0-0: Ball
1-0: Foul Ball, location: 2F
1-1: Ball
2-1: Foul Ball, location: 5F
2-2: Foul Ball, location: 7LMF
2-2: Fly out, F9 (Flyball, 89M, EV 85.0 MPH)
Top of the 9th over - 0 runs, 0 hits, 0 errors, 0 left on base; Brooklyn 9 - Susquehanna Trails 2
BOTTOM OF THE 9TH
Susquehanna Trails Scarlets batting - Pitching for Brooklyn Superbas : RHP Kelly Cooper
Now at 3B: Félix Chávez
Now in RF: Steve Wilson
Batting: RHB Vance White 0-0: Ball
1-0: Ground out 6-3 (Groundball, 6, EV 80.6 MPH)
Batting: LHB Darrell Porter 0-0: Ball
1-0: Ball
2-0: DOUBLE (Line Drive, 7LM, EV 106.3 MPH)
Batting: RHB Gavin Peters 0-0: Ball
1-0: Ball
2-0: Called Strike
2-1: Foul Ball, location: 5DF
2-2: Ball
3-2: Strikes out looking
Batting: LHB Jim Lund 0-0: Called Strike
0-1: Ball
Wild Pitch!
Darrell Porter to third
1-1: Swinging Strike
1-2: Strikes out swinging
Bottom of the 9th over - 0 runs, 1 hit, 0 errors, 1 left on base; Brooklyn 9 - Susquehanna Trails 2
Wednesday, February 28th , 2024 - OOTP Baseball 24.8 Build 75